 Dungeon Crawl Stone Soup version 0.22-a0-525-gf69a080 (webtiles) character file.

116 kae the Insei (level 4, -12/36 HPs)
             Began as a Draconian Transmuter on June 21, 2018.
             Killed by divine providence
             ... invoked by an orc priest
              (15 damage)
             ... on level 3 of the Dungeon.
             The game lasted 00:01:56 (2267 turns).

kae the Insei (Draconian Transmuter)                Turns: 2267, Time: 00:01:58

Health: -12/36     AC:  2    Str: 12    XL:     4   Next: 69%
Magic:  3/7        EV: 20    Int: 13    God:
Gold:   120        SH:  0    Dex: 18    Spells: 2/8 levels left

rFire    + . .     SeeInvis .     - Unarmed
rCold    x . .     Gourm    .   (shield currently unavailable)
rNeg     . . .     Faith    .   (armour unavailable)
rPois    .         Spirit   .   (helmet currently unavailable)
rElec    .         Reflect  .   (cloak currently unavailable)
rCorr    .         Harm     .   (gloves currently unavailable)
MR       .....                  (boots currently unavailable)
Stlth    ++........             (no amulet)
HPRegen  0.12/turn              m - ring of fire (curse)
MPRegen  0.10/turn              i - ring of poison resistance

@: spider-form
A: tiny, unfitting armour, AC +5
a: End Transformation


You were on level 3 of the Dungeon.
You were not hungry.
You were a venomous arachnid creature.
You visited 1 branch of the dungeon, and saw 3 of its levels.

You collected 120 gold pieces.

Inventory:

Missiles
 a - 30 arrows
Armour
 e - a +1 cloak (melded)
Jewellery
 b - an uncursed ring of ice
 i - a ring of poison resistance (right front leg)
 k - an uncursed ring of resist corrosion
 m - a cursed ring of fire (left front leg)
Scrolls
 g - 2 scrolls of remove curse
Potions
 d - a potion of lignification
 h - a potion of magic {unknown}
 o - a potion of berserk rage {unknown}
Comestibles
 c - 4 rations
 f - a chunk of flesh


   Skills:
 + Level 2.1 Fighting
 + Level 2.2 Dodging
 * Level 3.8 Unarmed Combat
 + Level 2.5 Spellcasting
 * Level 3.1 Transmutations


You had 2 spell levels left.
You knew the following spells:

 Your Spells              Type           Power        Failure   Level  Hunger
a - Beastly Appendage     Tmut           #.....       19%         1    #......
b - Sticks to Snakes      Tmut           #.......     24%         2    ###....
c - Spider Form           Tmut/Pois      #.........   58%         3    ###....

Your spell library contained the following spells:

 Spells                   Type           Power        Failure   Level  Hunger
 Blade Hands              Tmut           #.........   96%         5    ######.
 Ice Form                 Ice/Tmut       #.......     90%         4    #####..


Dungeon Overview and Level Annotations

Branches:
Dungeon (3/15)

Altars:
Hepliaklqana
Qazlal
Yredelemnul

Annotations:
D:2 1 runed door


Innate Abilities, Weirdness & Mutations

((Your plain brown scales are hard. (AC +5)))
You cannot fit into any form of body armour.
((You are cold-blooded and may be slowed by cold attacks.))


Message History

You are too injured to fight recklessly!
You are too injured to fight recklessly!
You are too injured to fight recklessly!
You hit the orc priest but do no damage.
The orc priest is severely wounded.
The orc throws a tomahawk.
The tomahawk misses you.
The orc priest mumbles some strange prayers to Beogh against you.
Pain shoots through your body!
* * * LOW HITPOINT WARNING * * *
You are too injured to fight recklessly!
You are too injured to fight recklessly!
You are too injured to fight recklessly!
You are too injured to fight recklessly!
You hit the orc priest.
The orc priest looks as sick as possible!
The orc priest is severely wounded.
The orc throws a tomahawk.
The tomahawk barely misses you.
The orc priest calls down the wrath of Beogh upon you.
Beogh smites you!
You die...

*.....#* #.##....#
,......#* #.#.###.#
,.....o.###....##.#
,...K..o'(Ko....#.#
,.....o.###.o.....#
,..o.o.#* ###.###.###
*.....#* ### #o..#
*#...#* ######)#.##
##+#* #....so...# *,*
*#.#######.# *,* *,,*
### *.# ***,**
*,,**###**.# ,,,,,**
*,,,,+_+,,,# *,,,,,*
*,,**#+#**,*
**,,,******,,* *,* *,*
***,,,,,,,,,,***,***,*
***,,******,,,,,,,,,,*


You could see an orc priest and an orc.

Vanquished Creatures
  An iguana (D:3)
  An adder (D:2)
  An ooze (D:1)
  A worm (D:2)
  4 dart slugs
  2 leopard geckos
  4 orcs (D:3)
  8 bats
  7 goblins
  7 hobgoblins
  3 jackals (D:1)
  2 quokkas
  4 frilled lizards
  9 kobolds
  A kobold skeleton (D:2)
  5 rats
60 creatures vanquished.

Notes
Turn   | Place    | Note
-------+----------+-------------------------------------------
     0 | D:1      | kae the Draconian Transmuter began the quest for the Orb.
     0 | D:1      | Reached XP level 1. HP: 16/16 MP: 3/3
    99 | D:1      | Reached XP level 2. HP: 21/23 MP: 5/5
   444 | D:1      | Reached XP level 3. HP: 28/28 MP: 6/6
  1063 | D:2      | Found a stormy altar of Qazlal.
  1141 | D:2      | Found a runed door.
  1141 | D:2      | Noticed a human
  1147 | D:2      | Found a basalt altar of Yredelemnul.
  1187 | D:2      | Reached XP level 4. HP: 36/36 MP: 5/7
  1998 | D:2      | Learned a level 2 spell: Sticks to Snakes
  2002 | D:2      | Learned a level 3 spell: Spider Form
  2237 | D:3      | Found a hazy altar of Hepliaklqana.
  2267 | D:3      | Killed from afar by an orc priest

Vault maps used:
D:1:      co_arrival_random_square_maze, palyth_stone_intersect
D:2:      nicolae_qazlal_general_emergency, serial_bayou, serial_bayou_pond_a,
          serial_bayou_pond_e, serial_bayou_lagoon_a, serial_bayou_pond_a,
          dk_yredelemnul_ordeal
D:3:      lemuel_doored_altar, nrook_uturn

Skill      XL: |  1  2  3  4 |
---------------+-------------+-----
Dodging        | 2 |  2.2
Fighting       | 2 |  2.1
Transmutations | 3 |  3.1
Unarmed Combat | |  3.8
Spellcasting   | |  2.5

Action                   |  1- 3 |  4- 6 || total
-------------------------+-------+-------++-------
Melee: Unarmed           |   112 |    67 ||   179
       Kick              |     6 |       ||     6
       Punch             |     2 |     1 ||     3
       Tailslap          |    10 |     3 ||    13
       Headbutt          |     2 |       ||     2
 Cast: Beastly Appendage |    16 |     4 ||    20
       Spider Form       |       |     2 ||     2
  Use: Scroll            |       |     4 ||     4
       Potion            |       |     1 ||     1
 Stab: Sleeping          |     2 |     1 ||     3
  Eat: Chunk             |     1 |     1 ||     2
       Ration            |       |     1 ||     1
Armor: Skin              |    41 |    15 ||    56
Dodge: Dodged            |    56 |    40 ||    96

Table legend:
 A = Spawn XP
 B = Non-spawn XP
 C = Spawn XP percentage of total XP
 D = Spawn monster count
 E = Non-spawn monster count
 F = Spawn count percentage of total count
 G = Total turns spent on level
                    A         B        C        D         E        F      G
               +---------+---------+-------+---------+---------+-------+---------
         Total |       0 |     166 |   0.0 |       0 |      60 |   0.0 |  2267
               +---------+---------+-------+---------+---------+-------+---------
           D:1 |       0 |      54 |   0.0 |       0 |      28 |   0.0 |   961
           D:2 |       0 |      58 |   0.0 |       0 |      24 |   0.0 |   850
           D:3 |       0 |      54 |   0.0 |       0 |       8 |   0.0 |   456
               +---------+---------+-------+---------+---------+-------+---------
